 Dungeon Crawl Stone Soup version 0.29.0-13-gc9e81de378 (webtiles) character file.

Game seed: 9729372988520013006

21 heizatt the Trooper (level 3, -1/29 HPs)
             Began as a Human Fighter on Sept 8, 2022.
             Slain by a hobgoblin (2 damage)
             ... on level 1 of the Dungeon.
             The game lasted 00:13:02 (1300 turns).

heizatt the Trooper (Human Fighter)                 Turns: 1300, Time: 00:13:03

Health: -1/29      AC:  6    Str: 15 (18) XL:     3   Next: 5%
Magic:  3/3        EV:  8    Int:  7 (8)  God:
Gold:   34         SH:  4    Dex:  9 (12) Spells: 2/2 levels left

rFire   . . .      SeeInvis .   a - +0 long sword
rCold   . . .      Faith    .   c - +0 buckler
rNeg    . . .      Spirit   .   b - +0 scale mail
rPois   .          Reflect  .   (no helmet)
rElec   .          Harm     .   (no cloak)
rCorr   .          Rampage  .   (no gloves)
Will    .....                   (no boots)
Stlth   ..........              (no amulet)
HPRegen 0.09/turn               (no ring)
MPRegen 0.08/turn               (no ring)

@: no status effects
A: no striking features
a: no special abilities


You were on level 1 of the Dungeon.
You visited 1 branch of the dungeon, and saw 2 of its levels.

You collected 34 gold pieces.

Inventory:

Hand Weapons
 a - a +0 long sword (weapon)
 e - a +2 dagger of venom
 h - a +0 club
 i - a +0 flail
 k - a +0 whip
 l - a +0 rapier
Armour
 b - a +0 scale mail (worn)
 c - a +0 buckler (worn)
Scrolls
 f - a scroll of amnesia {unknown}
 g - 3 scrolls of identify {unknown}
 j - a scroll of fear {unknown}
 m - a scroll of butterflies {unknown}
Potions
 d - a potion of might


   Skills:
 + Level 3.4 Fighting
 + Level 2.2 Long Blades
 + Level 3.3 Armour
 + Level 3.1 Shields


You had 2 spell levels left.
You didn't know any spells.
Your spell library contained the following spells:

 Spells                   Type           Power      Damage    Failure   Level
 Inner Flame              Hex/Fire       0%         N/A       100%        3
 Cause Fear               Hex            0%         N/A       100%        4
 Discord                  Hex            0%         N/A       100%        8


Dungeon Overview and Level Annotations

Branches:
Dungeon (2/15)

Altars:


Message History

You are frozen.
The kobold hits you but does no damage.
You slash the ball python!
You kill the ball python!
The endoplasm closely misses you. The hobgoblin hits you.
* * * LOW HITPOINT WARNING * * *
The kobold hits you but does no damage.
You have reached level 3!
Your experience leads to an increase in your attributes!
Your base attributes are Str 16, Int 8, Dex 12.
Increase (S)trength, (I)ntelligence, or (D)exterity?
Uppercase letters only, please.
You feel stronger. x2
The endoplasm attacks as you move away! You block the endoplasm's attack.
The kobold hits you but does no damage.
You see here a ball python corpse.
You slash the kobold!
You kill the kobold!
The endoplasm freezes you.
You are frozen.
* * * LOW HITPOINT WARNING * * *
You closely miss the hobgoblin.
The endoplasm hits you but does no damage.
The hobgoblin hits you.
* * * LOW HITPOINT WARNING * * *
The endoplasm hits you.
* * * LOW HITPOINT WARNING * * *
You block the hobgoblin's attack.
You hit the hobgoblin.
The hobgoblin is lightly wounded.
The endoplasm freezes you.
You are frozen.
* * * LOW HITPOINT WARNING * * *
The hobgoblin hits you but does no damage.
You hit the hobgoblin.
The hobgoblin is almost dead.
The endoplasm barely misses you. The hobgoblin closely misses you.
You hit the hobgoblin but do no damage.
The hobgoblin is almost dead.
The endoplasm completely misses you. The hobgoblin hits you.
You die...

#.............# ##.##
#..##########.###.#.####
#..# #........(###....
#..# #.####.###.#.####
#..# #.# #.# ##.## #..#
###.# #.# ### #..# #...#
#.# ###..###...####.#
#........@......##########
#...#####Jg###............
#.....# #..# #..##########
#...#.###..###..#
###...............#
#........♣.♣♣♣♣♣..#
#.##.#.♣♣♣♣♣♣♣♣♣..#
#.##....♣♣♣♣_.♣♣.####
#.##..♣♣♣♣.♣.♣.♣....#


You could see an endoplasm and a hobgoblin.

Vanquished Creatures
  A dart slug (D:1)
  An endoplasm (D:1)
  A giant cockroach (D:1)
  5 ball pythons (D:1)
  3 bats (D:1)
  A frilled lizard (D:1)
  4 kobolds (D:1)
  3 rats (D:1)
19 creatures vanquished.

Notes
Turn   | Place    | Note
-------+----------+-------------------------------------------
     0 | D:1      | heizatt the Human Fighter began the quest for the Orb.
     0 | D:1      | Reached XP level 1. HP: 18/18 MP: 1/1
   166 | D:1      | Found a faded altar of an unknown god.
   208 | D:1      | Reached XP level 2. HP: 10/24 MP: 2/2
  1295 | D:1      | Reached XP level 3. HP: 8/29 MP: 3/3
  1298 | D:1      | HP: 1/29 [frozen (1)]
  1300 | D:1      | Slain by a hobgoblin

Illustrated notes

Levels and vault maps discovered:
D:1:      amcnicky_arrival_feature_with_door, layout_loops_ring,
          chequers_ecumenical_altar_grove
D:2:      layout_loops_ring, basic_altar, serial_shops, nicolae_shop_crystal,
          minmay_tetromino_t2

Action                   || total
-------------------------++-------
Melee: Long sword        ||    57
  Use: Potion            ||     5
 Stab: Invisible         ||     1
Armor: Scale mail        ||    39
Dodge: Dodged            ||    33
Block: Buckler           ||    19
